cohdb
Replays
Latest Replays
All Replays
Popular Replays
Top Player Replays
Match Explorer
How It Works
Community
CoH3 Stats
Reddit
Sign in to upload your games and track your stats! →
Sign in with Steam
Match 45715290
Unlisted
Match 45715290
Overview
Messages
Build Orders
End
Construct Weapon Support Center
Selects Special Operations Battlegroup
Selects M29 Weasel Recon Vehicle
M29 Weasel Recon Vehicle
M1919 Machine Gun Team
Bazooka Squad
M1919 Machine Gun Team
Infantry Support Center
Selects Raiding Flares
Engineer Squad
M3 Armored Personnel Carrier
Construct Medical Station
Selects SSF Commando Squad
SSF Commando Squad
Hareun
Nes_Nad
Seocheon
ChineseMomBoom
0
0
Comments
sign in to comment!
No comments posted yet!